Map: King Sejong Station LE

Players

ShinO - Winner!

  • Race: Zerg Zerg
  • League: Master

IIIIIIIIIIII

  • Race: Protoss Protoss
  • League: Master

VOD

Have the link to the VOD?

Description

Time

  • Played on: June 28, 2016, 7:17 a.m.
  • Length: 12:25
Show
View Real Time Build Order
Export as new Build Order

ShinO Zerg - Winner!

Build Orders: Hatch First 

Get SALT Encoding   

  12  0:00  Drone  
  13  0:08  Drone  
  14  0:17  Overlord  
  14  0:27  Extractor x2, Drone  
  13  0:29  Drone  
  13  0:35  Drone  
  17  0:53  Hatchery  
  17  0:56  Drone  
  17  1:07  Extractor  
  16  1:11  Spawning Pool  
  16  1:14  Drone  
  16  1:18  Drone  
  17  1:22  Drone  
  18  1:27  Overlord  
  18  1:38  Drone  
  19  1:58  Queen  
  19  1:59  Zergling x4  
  23  2:08  Queen  
  23  2:09  Metabolic Boost  
  23  2:14  Drone x2  
  27  2:16  Drone  
  27  2:21  Drone  
  29  2:27  Drone  
  30  2:31  Drone  
  30  2:35  Evolution Chamber  
  30  2:36  Drone  
  31  2:42  Drone  
  32  2:47  Drone  
  32  3:00  Drone  
  33  3:10  Zerg Missile Weapons Level 1  
  32  3:13  Roach Warren  
  32  3:14  Drone  
  32  3:16  Extractor  
  32  3:19  Drone x5  
  36  3:21  Overlord x2  
  36  3:42  Drone  
  36  3:43  Drone x4  
  41  3:53  Lair  
  41  3:56  Roach x5  
  41  3:59  Extractor  
  41  4:00  Extractor, Drone  
  41  4:02  Drone  
  51  4:06  Drone  
  51  4:09  Overlord  
  52  4:26  Overlord  
  52  4:30  Drone x2  
  54  4:35  Roach x3  
  54  4:37  Overlord  
  60  4:38  Overlord  
  60  4:55  Roach x3, Spine Crawler  
  60  4:56  Roach x2  
  60  4:57  Ravager x3  
  72  5:03  Overlord  
  72  5:04  Roach  
  74  5:07  Evolution Chamber  
  74  5:11  Spine Crawler  
  72  5:22  Drone x4  
  72  5:23  Drone x2  
  79  5:34  Zerg Missile Weapons Level 2  
  79  5:35  Zerg Ground Armor Level 1  
  76  5:49  Glial Reconstitution  
  76  5:54  Drone  
  76  5:56  Roach x5  
  87  6:06  Hatchery  
  86  6:15  Overlord x2  
  86  6:23  Roach x3  
  92  6:25  Overlord  
  92  6:26  Overlord x2  
  92  6:36  Zergling x12  
  98  6:43  Zergling x2  
  98  6:45  Zergling x2  
  100  6:49  Ravager x4  
  100  6:50  Ravager x3  
  100  6:51  Ravager  
  100  6:53  Zergling x6  
  111  6:58  Zergling x2  
  112  7:09  Zergling x8  
  114  7:22  Zergling x12  
  110  7:25  Zergling x2  
  93  7:49  Drone x2  
  93  7:50  Drone x6  
  93  7:51  Drone x2  
  89  7:59  Zerg Ground Armor Level 2  
  89  8:01  Hydralisk Den, Queen  
  78  8:06  Drone x5  
  74  8:15  Drone  
  74  8:16  Drone x4  
  75  8:25  Extractor  
  75  8:26  Extractor  
  70  8:44  Overlord, Hydralisk, Muscular Augments  
  70  8:45  Hydralisk x9  
  87  8:52  Hydralisk  
  89  8:56  Hydralisk x3  
  89  8:57  Hydralisk  
  97  9:04  Hydralisk x2  
  101  9:10  Overseer  
  101  9:11  Hydralisk x3  
  101  9:12  Hydralisk x2  
  101  9:16  Drone  
  112  9:23  Hydralisk  
  112  9:24  Hydralisk x2  
  118  9:34  Zergling x2  
  118  9:35  Zergling x12  
  125  9:42  Hydralisk x3  
  125  9:43  Zergling x4  
  125  9:45  Hatchery  
  122  9:49  Zergling x4  
  112  9:55  Zergling x6  
  112  9:58  Zergling x2  
  99  10:04  Hydralisk  
  99  10:06  Hydralisk x2  
  103  10:09  Hydralisk x3  
  111  10:18  Hydralisk x3  
  117  10:27  Hydralisk x2  
  117  10:28  Hydralisk x3  
  127  10:36  Lurker Den  
  127  10:40  Hydralisk  
  127  10:42  Overlord x4  
  123  11:06  Hydralisk  
  123  11:07  Hydralisk x9  
  123  11:08  Zergling x2  
  136  11:21  Hydralisk, Zergling x6  
  136  11:22  Zergling x12  
  133  11:37  Hydralisk x2  
  133  11:38  Hydralisk x2, Zergling x2  
  133  11:39  Zergling x8  
  136  11:44  Zergling x6  
  139  11:47  Queen  
  139  11:51  Zergling x6  
  139  12:01  Zergling x2  
  139  12:02  Zergling x10  
Show
View Real Time Build Order
Export as new Build Order

IIIIIIIIIIII Protoss 

Build Orders: 1 Gate Expand 

Get SALT Encoding   

  12  0:01  Probe (Chrono Boost)  
  13  0:12  Probe (Chrono Boost)  
  14  0:19  Pylon  
  14  0:22  Probe (Chrono Boost)  
  15  0:37  Probe (Chrono Boost)  
  15  0:40  Gateway  
  16  0:48  Probe (Chrono Boost)  
  16  0:49  Assimilator  
  17  0:58  Probe (Chrono Boost)  
  18  1:09  Probe (Chrono Boost)  
  19  1:20  Probe (Chrono Boost)  
  20  1:30  Nexus  
  20  1:37  Cybernetics Core  
  20  1:40  Probe (Chrono Boost)  
  20  1:45  Assimilator  
  21  1:51  Probe (Chrono Boost)  
  22  1:54  Pylon  
  23  2:01  Probe (Chrono Boost)  
  23  2:12  Probe (Chrono Boost)  
  23  2:14  Warp Gate, Adept (Chrono Boost)  
  26  2:24  Twilight Council  
  26  2:27  Probe  
  27  2:38  Adept (Chrono Boost)  
  27  2:39  Probe (Chrono Boost)  
  27  2:42  Probe (Chrono Boost)  
  31  2:50  Mothership Core (Chrono Boost)  
  33  2:53  Probe (Chrono Boost)  
  34  3:02  Probe (Chrono Boost)  
  34  3:03  Resonating Glaives (Chrono Boost)  
  35  3:09  Probe  
  35  3:12  Probe  
  36  3:15  Gateway  
  36  3:19  Gateway  
  37  3:22  Probe  
  37  3:23  Probe  
  39  3:29  Pylon  
  38  3:34  Probe  
  38  3:37  Probe  
  40  3:42  Pylon  
  40  3:46  Probe  
  40  3:48  Probe  
  42  3:58  Probe x2  
  44  4:04  Nexus  
  44  4:08  Pylon  
  44  4:10  Probe  
  44  4:17  Adept x3  
  47  4:18  Probe  
  47  4:22  Probe  
  53  4:29  Probe  
  53  4:30  Pylon  
  54  4:37  Adept  
  54  4:38  Adept x2  
  60  4:40  Probe  
  60  4:41  Probe  
  62  4:51  Assimilator  
  62  4:52  Probe  
  63  4:55  Assimilator  
  63  4:56  Stargate  
  63  4:57  Probe, Stargate  
  64  5:04  Pylon, Probe  
  65  5:08  Probe  
  65  5:14  Pylon  
  64  5:16  Probe  
  64  5:20  Sentry x2  
  64  5:21  Sentry  
  67  5:26  Pylon  
  67  5:28  Probe  
  67  5:29  Pylon, Probe x2  
  66  5:44  Probe  
  66  5:45  Probe  
  66  5:47  Stalker x3  
  74  5:51  Void Ray (Chrono Boost)  
  74  5:53  Probe  
  79  5:58  Pylon  
  79  5:59  Probe  
  79  6:00  Probe  
  79  6:03  Pylon  
  79  6:04  Probe  
  81  6:08  Void Ray (Chrono Boost)  
  81  6:09  Probe  
  87  6:17  Assimilator  
  87  6:18  Zealot x3  
  93  6:26  Void Ray (Chrono Boost)  
  91  6:36  Gateway x2  
  91  6:39  Blink (Chrono Boost)  
  91  6:42  Gateway  
  91  6:51  Void Ray  
  91  6:54  Stalker  
  91  6:55  Stalker x2  
  101  7:03  Pylon  
  101  7:04  Pylon  
  101  7:08  Void Ray  
  105  7:28  Void Ray  
  97  7:32  Stalker x2  
  97  7:33  Stalker  
  103  7:39  Probe  
  103  7:40  Probe  
  98  7:50  Void Ray  
  75  8:05  Adept  
  75  8:06  Adept x2  
  72  8:15  Probe  
  72  8:17  Probe x2  
  67  8:27  Probe  
  67  8:28  Robotics Facility  
  68  8:34  Stalker x3  
  68  8:35  Stalker x3  
  78  8:54  Probe x2  
  80  8:58  Pylon  
  80  9:00  Assimilator  
  80  9:01  Pylon  
  80  9:02  Stalker  
  82  9:03  Stalker x5  
  92  9:12  Probe x2  
  92  9:15  Probe  
  92  9:16  Warp Prism (Chrono Boost)  
  97  9:24  Probe  
  97  9:26  Stalker x5  
  97  9:28  Stalker  
  84  10:00  Adept  
  84  10:01  Adept x5  
  92  10:09  Immortal (Chrono Boost)  
  96  10:16  Probe x3  
  99  10:24  Pylon  
  99  10:26  Adept, Pylon  
  99  10:27  Templar Archives, Adept x2  
  105  10:29  Pylon  
  105  10:33  Sentry x2  
  109  10:35  Adept  
  111  10:48  Observer (Chrono Boost)  
  112  11:00  Adept x6  
  88  11:33  Adept x6  
  88  11:38  Immortal (Chrono Boost)  
  86  11:59  High Templar x4  
  86  12:00  High Templar x2  
  84  12:03  Archon  
  84  12:04  Nexus, Archon x2  
  84  12:05  Pylon  
Tags
 
Add a new tag
Caveats
  • Supply blocks, unpowered buildings, or Contaminate may cause inaccurate times.
  • Supply counts are checked every 10 seconds.